 Dungeon Crawl Stone Soup version 0.22-a0-135-g6f012ad (webtiles) character file.

2839 Tahona the Cleaver (level 9, 0/79 HPs)
             Began as a Hill Orc Berserker on Jan 9, 2018.
             Was an Elder of Trog.
             Slain by a hippogriff (6 damage)
             ... on level 8 of the Dungeon on Jan 31, 2018.
             The game lasted 00:25:00 (6088 turns).

Tahona the Cleaver (Hill Orc Berserker)             Turns: 6088, Time: 00:25:01

Health: 0/79       AC: 11    Str: 23    XL:     9   Next: 74%
Magic:  9/9        EV:  6    Int:  7    God:    Trog [****..]
Gold:   164        SH:  0    Dex: 10    Spells: 8/8 levels left

rFire    + . .     SeeInvis .   y - +4 war axe (flame)
rCold    . . .     Gourm    .   (no shield)
rNeg     . . .     Faith    .   q - +0 plate armour
rPois    .         Spirit   .   (no helmet)
rElec    .         Reflect  .   (no cloak)
rCorr    +         Harm     .   (no gloves)
MR       .....                  (no boots)
Stlth    ..........             (no amulet)
HPRegen  0.23/turn              s - ring of resist corrosion
MPRegen  0.11/turn              x - ring of protection from fire

@: lethally poisoned (0 -> -11), about to teleport, berserk cooldown, slowed,
drained, very slow
A: no striking features
a: Berserk, Trog's Hand, Brothers in Arms, Burn Spellbooks, Renounce Religion


You were on level 8 of the Dungeon.
You worshipped Trog.
Trog was greatly pleased with you.
You were very hungry.

You visited 1 branch of the dungeon, and saw 8 of its levels.

You collected 347 gold pieces.
You spent 183 gold pieces at shops.

Inventory:

Hand Weapons
 a - a +0 hand axe
 y - a +4 war axe of flaming (weapon)
Armour
 h - a +0 ring mail
 q - a +0 plate armour (worn)
Jewellery
 i - the amulet "Wirathru" {Inacc Stlth+}
   (You found it on level 6 of the Dungeon)

   [amulet of inaccuracy]

   It reduces the accuracy of all your attacks.
   It makes you more stealthy.
 s - a ring of resist corrosion (left hand)
 t - an uncursed amulet of rage
 x - a ring of protection from fire (right hand)
 C - an uncursed ring of protection from cold {unknown}
 F - an uncursed ring of poison resistance {unknown}
 G - an uncursed ring of protection from magic {unknown}
 H - an uncursed amulet of harm
Wands
 z - a wand of flame (15)
 D - a wand of scattershot (6)
 I - a wand of acid (9)
Scrolls
 b - a scroll of enchant armour {unknown}
 d - 5 scrolls of fog
 e - a scroll of fear {unknown}
 f - 3 scrolls of teleportation
 k - a scroll of random uselessness {unknown}
 m - a scroll of noise {unknown}
 n - 6 scrolls of remove curse
 v - a scroll of immolation {unknown}
 B - a scroll of identify
Potions
 j - 2 potions of lignification {unknown}
 l - a potion of cancellation {unknown}
 o - a potion of magic {unknown}
 p - 5 potions of curing
 r - 2 potions of haste {unknown}
 u - 3 potions of berserk rage {unknown}
 w - a potion of brilliance {unknown}
 E - a potion of flight {unknown}
Comestibles
 c - 13 rations
 g - 2 chunks of flesh


   Skills:
 - Level 7.2(6.3) Fighting
 - Level 14.5(13.3) Axes
 * Level 4.6(3.7) Armour
 - Level 1.5(0.7) Dodging


You had 8 spell levels left.
You didn't know any spells.

Dungeon Overview and Level Annotations

Branches:
Dungeon (8/15)             Temple (0/1) D:5
   Lair: D:8-11

Altars:
Cheibriados
Dithmenos
Kikubaaqudgha
Uskayaw
Vehumet

Shops:
D:4 (=(!   D:5 *

Annotations:
D:8 exclusion: ice statue


Message History

* * * LOW HITPOINT WARNING * * *
The hippogriff barely misses you. The killer bee stings you.
* * * LOW HITPOINT WARNING * * *
The hippogriff bites you but does no damage.
The hippogriff pecks you but does no damage.
The hippogriff claws you.
* * * LOW HITPOINT WARNING * * *
A killer bee comes into view.
As you read the scroll of teleportation, it crumbles to dust.
You feel strangely unstable.
You feel sick.
The killer bee buzzes angrily.
The killer bee stings you.
* * * LOW HITPOINT WARNING * * *
You are more poisoned.
The killer bee poisons you!
The killer bee stings you but does no damage.
The hippogriff bites you.
* * * LOW HITPOINT WARNING * * *
The hippogriff pecks you.
You die...

#... #+# ..# ##### #.#
####### .K ...#...# #.#
#......
....#.#.#.###.####......
..y.z..........<.+......
..yy###.#..##.####......
###yyyyS#.....# ##......
..$yzyyH#...### #.......
##.####@##..# #.###### #
#(##.รท# #.#
##)##..#####.#
#............#
####.........#
.............#
#.##..........#
#.#+######## #.


You could see a hippogriff, a hornet, a water moccasin, 9 killer bees and a
wight.

Vanquished Creatures
  The ghost of CuddlesCardenas the Cudgeler, a novice MiFi (D:4)
  The ghost of aTarkinC the Conjurer, a novice DrCj (D:5)
  Prince Ribbit (D:8)
  A steam dragon (D:8)
  2 orc warriors
  An ice beast (D:6)
  5 ogres
  A centaur (D:5)
  A big kobold (D:8)
  3 bullfrogs
  Blork the orc (D:6)
  A scorpion (D:8)
  A killer bee (D:8)
  2 wights (D:8)
  2 howler monkeys
  A crimson imp (D:7)
  A jelly (D:5)
  4 hounds
  4 orc wizards
  3 worker ants
  A howler monkey zombie (D:4)
  A worker ant zombie (D:8)
  8 adders
  A shadow imp (D:6)
  A worm (D:2)
  3 dart slugs
  6 leopard geckos
  11 orcs
  7 bats
  3 giant cockroaches
  3 goblins
  7 hobgoblins
  6 jackals
  8 kobolds
  3 quokkas
  A ball python (D:1)
  6 frilled lizards
  A leopard gecko zombie (D:6)
  8 rats
122 creatures vanquished.

Notes
Turn   | Place    | Note
-------+----------+-------------------------------------------
     0 | D:1      | Tahona the Hill Orc Berserker began the quest for the Orb.
     0 | D:1      | Reached XP level 1. HP: 19/19 MP: 1/1
   208 | D:1      | Reached XP level 2. HP: 11/27 MP: 2/2
   643 | D:1      | Reached XP level 3. HP: 28/34 MP: 3/3
  1042 | D:2      | Reached skill level 5 in Axes
  1087 | D:2      | Reached ** piety under Trog
  1128 | D:2      | Reached XP level 4. HP: 32/41 MP: 4/4
  1191 | D:2      | Reached skill level 5 in Fighting
  1532 | D:3      | Found a shadowy altar of Dithmenos.
  1836 | D:3      | Reached skill level 6 in Axes
  1836 | D:3      | Reached XP level 5. HP: 48/48 MP: 5/5
  1998 | D:4      | Found Inu Belu's Antique Weapon Shoppe.
  2033 | D:4      | Found Miwuanwa's Weapon Shoppe.
  2266 | D:4      | Found Roant's Jewellery Emporium.
  2750 | D:4      | Found Ineaha's Distillery.
  2775 | D:4      | Noticed CuddlesCardenas's ghost (novice MiFi)
  2790 | D:4      | Killed CuddlesCardenas's ghost
  2790 | D:4      | Reached skill level 7 in Axes
  2790 | D:4      | Reached XP level 6. HP: 48/60 MP: 6/6
  2790 | D:4      | Reached XP level 7. HP: 53/66 MP: 7/7
  3039 | D:5      | Entered Level 5 of the Dungeon
  3046 | D:5      | Reached skill level 8 in Axes
  3068 | D:5      | Found Fuomp's Assorted Antiques.
  3172 | D:5      | Found a hide-covered altar of Uskayaw.
  3263 | D:5      | Noticed aTarkinC's ghost (novice DrCj)
  3285 | D:5      | Killed aTarkinC's ghost
  3285 | D:5      | Reached skill level 10 in Axes
  3285 | D:5      | Reached XP level 8. HP: 11/73 MP: 8/8
  3750 | D:5      | Found a staircase to the Ecumenical Temple.
  3913 | D:4      | Bought a +2 war axe of flaming for 183 gold pieces
  3918 | D:4      | Upgraded the game from 0.22-a0-51-g1bb26a1 to 0.22-a0-135-g6f012ad
  4001 | D:6      | Got a crude golden amulet
  4005 | D:6      | Found a snail-covered altar of Cheibriados.
  4031 | D:6      | Noticed Blork the orc
  4045 | D:6      | Killed Blork the orc
  4045 | D:6      | Reached skill level 11 in Axes
  4050 | D:6      | Identified the amulet "Wirathru" {Inacc Stlth+} (You found it on level 6 of the Dungeon)
  4559 | D:6      | Reached *** piety under Trog
  4631 | D:7      | Reached skill level 12 in Axes
  4727 | D:7      | Found an ancient bone altar of Kikubaaqudgha.
  4749 | D:7      | Reached skill level 13 in Axes
  4749 | D:7      | Reached XP level 9. HP: 25/79 MP: 9/9
  4774 | D:7      | Found a radiant altar of Vehumet.
  5506 | D:8      | Noticed an ice devil
  5507 | D:8      | Noticed an ice devil
  5507 | D:8      | Noticed an ice devil
  5507 | D:8      | Noticed an ice statue
  5535 | D:8      | Noticed Prince Ribbit
  5556 | D:8      | Reached skill level 14 in Axes
  5704 | D:8      | Killed Prince Ribbit
  5903 | D:8      | Noticed an ice devil
  5904 | D:8      | Noticed an ice devil
  6003 | D:8      | Noticed an ice devil
  6059 | D:8      | Noticed a hornet
  6073 | D:8      | Reached **** piety under Trog
  6088 | D:8      | Slain by a hippogriff

Vault maps used:
D:1:      dpeg_arrival_short_road
D:2:      first_ration, minmay_hedge_maze, kennysheep_nub
D:3:      overflow_temple_1_default
D:4:      serial_shops, shop_fountains, nicolae_shop_statue_plus,
          kennysheep_mini, nicolae_shop_trees
D:5:      overflow_temple_1_default, temple_hall, serial_shops, shop
D:6:      old_standard_altar, uniq_blork_the_orc
D:7:      fiery_altar_vehumet, lemuel_round_altar
D:8:      cheibrodos_frozen_isle, david_nohive_1, uniq_prince_ribbit1

Skill      XL: |  1  2  3  4  5  6  7  8  9 |
---------------+----------------------------+-----
Fighting       | 4 5 7 |  7.2
Axes           | 5 6 7 10 13 14 | 14.5
Armour         | 4 |  4.6
Dodging        | |  1.5

Action                   |  1- 3 |  4- 6 |  7- 9 || total
-------------------------+-------+-------+-------++-------
Melee: Hand axe          |   105 |   146 |    58 ||   309
       War axe           |       |       |   124 ||   124
Invok: Berserk           |       |     2 |     6 ||     8
  Use: Scroll            |       |     2 |     8 ||    10
       Potion            |       |       |     2 ||     2
  Eat: Chunk             |     1 |     5 |    10 ||    16
       Ration            |       |       |     2 ||     2
Armor: Animal skin       |     7 |       |       ||     7
       Ring mail         |    28 |    61 |    32 ||   121
       Plate armour      |       |       |    16 ||    16
Dodge: Dodged            |    67 |    89 |    93 ||   249

Table legend:
 A = Spawn XP
 B = Non-spawn XP
 C = Spawn XP percentage of total XP
 D = Spawn monster count
 E = Non-spawn monster count
 F = Spawn count percentage of total count
 G = Total turns spent on level
                    A         B        C        D         E        F      G
               +---------+---------+-------+---------+---------+-------+---------
         Total |       0 |    4056 |   0.0 |       0 |     122 |   0.0 |  6088
               +---------+---------+-------+---------+---------+-------+---------
           D:1 |       0 |      37 |   0.0 |       0 |      19 |   0.0 |   954
           D:2 |       0 |      75 |   0.0 |       0 |      22 |   0.0 |   577
           D:3 |       0 |      85 |   0.0 |       0 |      17 |   0.0 |   467
           D:4 |       0 |     548 |   0.0 |       0 |       5 |   0.0 |  1186
           D:5 |       0 |     749 |   0.0 |       0 |      10 |   0.0 |   811
           D:6 |       0 |     404 |   0.0 |       0 |       7 |   0.0 |   628
           D:7 |       0 |     771 |   0.0 |       0 |      19 |   0.0 |   733
           D:8 |       0 |    1387 |   0.0 |       0 |      23 |   0.0 |   732
               +---------+---------+-------+---------+---------+-------+---------
